AoeStats
← shengteng

Arabia

509561702Analyzed
1v1 RM · 5d ago on Sep 27, 2026· 48m 28s· 2 players
Game mode
Random Map
Map size
Tiny (2 player)
Population
200
Speed
Normal
Resources
Standard
Victory
Conquest
Starting age
Dark Age
Ending age
Imperial Age
RankedLock teamsTeams togetherTeam positionsShared explorationLock speedFull tech treeHidden civsTurbo modeCheats
Victory
Defeat
🇨🇳 Bulgarians · China
616
+16
🇺🇸 Gurjaras · United States
625
-16
lilith
7:29 Loom
9:50 Feudal Age
12:54 Bloodlines
14:29 Horse Collar
22:59 Castle Age
22:21 Town Watch
23:12 Wheelbarrow
22:28 Town Watch
23:10 Fletching
24:53 Bodkin Arrow
25:05 Scale Barding Armor
24:40 Elite Skirmisher
25:11 Light Cavalry
26:34 Husbandry
27:41 Town Watch
28:34 Padded Archer Armor
29:55 Leather Archer Armor
29:52 Forging
33:48 Sanctity
33:39 Fervor
35:41 Scale Mail Armor
40:57 Town Patrol
42:40 Kshatriyas
44:05 Iron Casting
43:52 Chain Barding Armor
47:13 Ballistics
47:19 Murder Holes
48:11 Hand Cart
shengteng
0:46 Loom
13:42 Feudal Age
14:07 Horse Collar
14:20 Double-Bit Axe
16:07 Stone Mining
22:17 Forging
21:57 Fletching
22:23 Gold Mining
22:49 Scale Mail Armor
22:43 Town Watch
23:33 Wheelbarrow
24:00 Arson
27:19 Castle Age
25:43 Scale Barding Armor
26:19 Bloodlines
27:58 Bodkin Arrow
28:38 Iron Casting
28:17 Squires
28:03 Gambesons
28:31 Heavy Plow
28:43 Bow Saw
29:58 Chain Mail Armor
32:22 Murder Holes
33:49 Masonry
34:50 Husbandry
35:16 Chain Barding Armor
35:42 Guard Tower
39:00 Hand Cart
39:52 Stirrups
44:06 Imperial Age
45:52 Blast Furnace
45:28 Crop Rotation
45:23 Conscription
Connection lost

Rejoining the realm…

Still unreachable

The connection could not be restored.

Session expired

The server has moved on; the page needs a fresh start.